 Dungeon Crawl Stone Soup version 0.21-a0-642-g5d013b2151 (webtiles) character file.

247 Kaname the Conjurer (level 5, 20/35 HPs)
             Began as a Demonspawn Wizard on Dec 31, 2017.
             Was an Initiate of Vehumet.
             Quit the game on level 2 of the Dungeon.
             The game lasted 00:06:55 (1924 turns).

Kaname the Conjurer (Demonspawn Wizard)             Turns: 1924, Time: 00:06:56

Health: 20/35      AC:  5    Str:  8    XL:     5   Next: 85%
Magic:  0/9        EV: 12    Int: 20    God:    Vehumet [......]
Gold:   98         SH:  0    Dex: 11    Spells: 4/10 levels left

rFire    . . .     SeeInvis .   j - +2 whip (venom)
rCold    . . .     Gourm    .   (no shield)
rNeg     . . .     Faith    .   a - +0 robe
rPois    .         Spirit   .   b - +0 hat
rElec    .         Reflect  .   (no cloak)
rCorr    .         Harm     .   (no gloves)
MR       .....                  h - +0 pair of boots (curse)
Stlth    ++........             (no amulet)
HPRegen  0.11/turn              (no ring)
MPRegen  0.11/turn              (no ring)

@: no status effects
A: horns 1, molten scales 1, demonic guardian 1
a: Renounce Religion


You were on level 2 of the Dungeon.
You worshipped Vehumet.
Vehumet was noncommittal.
You were not hungry.

You visited 1 branch of the dungeon, and saw 2 of its levels.

You collected 98 gold pieces.

Inventory:

Hand Weapons
 j - a +2 whip of venom (weapon)
 m - a +0 dagger of venom
Armour
 a - a +0 robe (worn)
 b - a +0 hat (worn)
 h - a cursed +0 pair of boots (worn)
Scrolls
 e - a scroll of amnesia {unknown}
 f - a scroll of identify {unknown}
Potions
 g - a potion of agility {unknown}
 k - a potion of experience {unknown}
 l - a potion of haste {unknown}
 n - a potion of curing {unknown}
Books
 c - a book of Minor Magic

   Spells                             Type                      Level
   a - Magic Dart                     Conjuration                  1
   b - Blink                          Translocation                2
   c - Call Imp                       Summoning                    2
   d - Slow                           Hexes                        2
   e - Conjure Flame                  Conjuration/Fire             3
   f - Mephitic Cloud                 Conjuration/Poison/Air       3
Comestibles
 d - 2 rations
 i - 3 chunks of flesh


   Skills:
 - Level 1.7 Dodging
 - Level 1.7 Stealth
 - Level 3.0 Spellcasting
 + Level 4.8 Conjurations
   Level 1.0 Summonings
 - Level 2.0 Translocations
 - Level 1.6 Air Magic
 - Level 1.0 Poison Magic


You had 4 spell levels left.
You knew the following spells:

 Your Spells              Type           Power        Failure   Level  Hunger
a - Magic Dart            Conj           ###.         1%          1    None
b - Blink                 Tloc           N/A          10%         2    ##.....
c - Mephitic Cloud        Conj/Pois/Air  ##......     16%         3    ###....


Dungeon Overview and Level Annotations

Branches:
Dungeon (2/15)

Altars:
Cheibriados
Dithmenos
Vehumet
Yredelemnul


Innate Abilities, Weirdness & Mutations

You have a pair of small horns on your head.
You are partially covered in molten scales. (AC +2)
A weak demonic guardian rushes to your aid.


Message History

Your quasit claws the human but does no damage.
Casting: Magic Dart
Confirm with . or Enter, or press ? or * to list all spells.
Aiming: Magic Dart
Press: ? - help, Shift-Dir - straight line, f/p - human
Aim: a human (almost dead, poisoned)
Your demonic guardian avoids your attack.
The magic dart hits the human.
The human is almost dead.
The human closely misses your quasit.
Your quasit bites the human.
The human dies!
Vehumet accepts your kill. Yredelemnul welcomes your deed!
You hear a strange fizzling.
Your Conjurations skill increases to level 4!
You have reached level 5!
Your demonic ancestry asserts itself...
Molten scales grow over part of your body.
The kobold throws a stone.
The stone hits you but does no damage.
Are you sure you want to abandon this character and quit the game? (Confirm with "yes".)

##### #...# #._.#
#####..K#### #...#§§§#..#
##......5@..##
##.....#†#....##
#......#.#.....#
#......###.....#
..#..............#
.................#
.................#########
#........................####
..............#########...(#


You could see a kobold and a friendly quasit.

Vanquished Creatures
  A crimson imp (D:2)
  An orc wizard (D:2)
  2 adders (D:2)
  A dart slug (D:2)
  2 orcs (D:2)
  A ball python (D:2)
  4 giant cockroaches
  13 hobgoblins
  3 kobolds
  A quokka (D:2)
  3 bats
  A frilled lizard (D:2)
  A goblin zombie (D:2)
  A jackal zombie (D:2)
  4 rats
39 creatures vanquished.

Vanquished Creatures (collateral kills)
  A human (D:2)
  An orc (D:2)
  A goblin (D:2)
3 creatures vanquished.

Grand Total: 42 creatures vanquished

Notes
Turn   | Place    | Note
-------+----------+-------------------------------------------
     0 | D:1      | Kaname the Demonspawn Wizard began the quest for the Orb.
     0 | D:1      | Reached XP level 1. HP: 13/13 MP: 4/4
   563 | D:1      | Reached skill level 2 in Conjurations
   645 | D:1      | Gained mutation: A weak demonic guardian rushes to your aid. [demonic ancestry]
   645 | D:1      | Reached XP level 2. HP: 14/19 MP: 3/6
  1329 | D:2      | Learned a level 2 spell: Blink
  1346 | D:2      | Reached skill level 3 in Conjurations
  1362 | D:2      | Gained mutation: You have a pair of small horns on your head. [demonic ancestry]
  1362 | D:2      | Reached XP level 3. HP: 14/24 MP: 0/7
  1367 | D:2      | Learned a level 3 spell: Mephitic Cloud
  1496 | D:2      | Reached skill level 1 in Poison Magic
  1514 | D:2      | Found a shadowy altar of Dithmenos.
  1514 | D:2      | Found a snail-covered altar of Cheibriados.
  1555 | D:2      | Reached skill level 1 in Translocations
  1555 | D:2      | Reached XP level 4. HP: 28/30 MP: 3/8
  1665 | D:2      | Reached skill level 1 in Air Magic
  1747 | D:2      | Found a radiant altar of Vehumet.
  1815 | D:2      | Became a worshipper of Vehumet
  1892 | D:2      | Noticed a human
  1893 | D:2      | Found a runed door.
  1906 | D:2      | Found a basalt altar of Yredelemnul.
  1923 | D:2      | Killed a human
  1923 | D:2      | Reached skill level 4 in Conjurations
  1923 | D:2      | Gained mutation: You are partially covered in molten scales. (AC +2) [demonic ancestry]
  1923 | D:2      | Reached XP level 5. HP: 20/35 MP: 0/9
  1924 | D:2      | Quit the game

Vault maps used:
D:1:      lemuel_arrival_river_bridge, serial_forest,
          infiniplex_forest_zigzag_2, infiniplex_forest_clump_curved,
          infiniplex_forest_clump_small, infiniplex_forest_fountain,
          infiniplex_forest_lined_1, infiniplex_forest_zigzag_1
D:2:      gammafunk_temple_overflow_wave, vehumet_crystals,
          dk_yredelemnul_ordeal

Skill      XL: |  1  2  3  4 |
---------------+-------------+-----
Conjurations   | 2 3 4 |  4.8
Poison Magic   | 1 |  1.0
Translocations | 1 2 |  2.0
Air Magic      | 1 |  1.6
Dodging        | |  1.7
Stealth        | |  1.7
Spellcasting   | |  3.0
Summonings     | |  1.0

Action                   |  1- 3 |  4- 6 || total
-------------------------+-------+-------++-------
Melee: Unarmed           |    54 |       ||    54
       Whip              |    10 |    26 ||    36
       Dagger            |     7 |       ||     7
       Short sword       |     7 |       ||     7
       Headbutt          |       |     5 ||     5
 Cast: Magic Dart        |    67 |    29 ||    96
  Eat: Chunk             |     2 |     1 ||     3
Armor: Robe              |    15 |     8 ||    23
Dodge: Dodged            |    65 |    17 ||    82

Table legend:
 A = Spawn XP
 B = Non-spawn XP
 C = Spawn XP percentage of total XP
 D = Spawn monster count
 E = Non-spawn monster count
 F = Spawn count percentage of total count
 G = Total turns spent on level
                    A         B        C        D         E        F      G
               +---------+---------+-------+---------+---------+-------+---------
         Total |       0 |     353 |   0.0 |       0 |      42 |   0.0 |  1924
               +---------+---------+-------+---------+---------+-------+---------
           D:1 |       0 |      35 |   0.0 |       0 |      19 |   0.0 |  1310
           D:2 |       0 |     318 |   0.0 |       0 |      23 |   0.0 |   614
               +---------+---------+-------+---------+---------+-------+---------
